Map: 카탈리스트 - 래더

Players

Patience

  • Race: Protoss Protoss
  • Spawn Location: 11:00

lIIllllIIlll (INnoVation) - Winner!

  • Race: Terran Terran
  • League: Master
  • Spawn Location: 5:00

Event: HomeStory Cup XVII

VOD

Have the link to the VOD?

Description

Time

  • Played on: June 29, 2018, 11:47 a.m.
  • Length: 14:06

All games in this series

Show
View Real Time Build Order
Export as new Build Order

Patience Protoss 

Build Orders: 1 Gate Expand, Blink Stalkers 

Get SALT Encoding   

  12  0:00  Probe  
  13  0:12  Probe  
  14  0:17  Pylon  
  14  0:23  Probe  
  15  0:31  Probe  
  16  0:37  Gateway  
  16  0:39  Probe  
  16  0:46  Assimilator  
  17  0:51  Probe  
  18  1:03  Probe  
  19  1:15  Probe  
  20  1:25  Nexus  
  20  1:34  Cybernetics Core  
  20  1:37  Probe  
  21  1:43  Assimilator  
  21  1:50  Probe  
  21  1:53  Pylon  
  22  2:02  Probe, Stalker  
  23  2:14  Probe  
  26  2:18  Warp Gate  
  26  2:24  Probe  
  26  2:32  Probe, Stalker  
  26  2:33  Probe  
  30  2:40  Probe  
  30  2:41  Probe  
  32  2:51  Twilight Council  
  32  2:52  Probe x2  
  34  3:02  Stalker  
  34  3:03  Blink  
  36  3:05  Probe  
  36  3:06  Probe  
  38  3:20  Gateway x2  
  38  3:23  Probe  
  38  3:24  Probe  
  41  3:41  Probe x2  
  41  3:45  Stalker  
  41  3:46  Pylon  
  44  3:48  Pylon  
  44  3:59  Probe  
  44  4:00  Probe  
  46  4:13  Probe x2  
  46  4:23  Pylon  
  46  4:24  Stalker  
  46  4:25  Probe, Stalker x2  
  46  4:26  Probe  
  54  4:37  Nexus, Probe  
  55  4:45  Pylon  
  55  4:48  Stalker x3  
  55  4:51  Probe  
  55  4:52  Probe  
  63  4:59  Pylon  
  62  5:03  Probe  
  62  5:04  Probe  
  64  5:09  Charge  
  64  5:15  Probe  
  63  5:24  Stalker  
  63  5:25  Stalker x2  
  63  5:26  Probe  
  63  5:27  Probe  
  69  5:40  Probe  
  69  5:41  Probe  
  67  5:47  Gateway  
  67  5:49  Gateway  
  67  5:51  Gateway  
  67  5:52  Gateway  
  67  5:56  Gateway  
  67  5:57  Sentry x2  
  67  5:58  Sentry  
  71  6:05  Probe x3  
  71  6:08  Pylon  
  74  6:11  Assimilator  
  74  6:13  Assimilator  
  74  6:15  Pylon  
  74  6:24  Zealot x2  
  78  6:29  Assimilator, Probe  
  78  6:30  Probe  
  77  6:34  Stalker  
  79  6:52  Zealot x7  
  93  6:55  Probe x3  
  96  7:02  Zealot  
  96  7:03  Forge  
  96  7:04  Forge  
  98  7:10  Pylon  
  98  7:11  Pylon  
  98  7:13  Stalker x5  
  108  7:28  Zealot  
  108  7:29  Zealot  
  110  7:36  Zealot x2  
  110  7:37  Zealot x4  
  90  7:53  Probe x3  
  90  7:54  Stalker x2  
  95  8:01  Protoss Ground Armor Level 1, Probe x3, Protoss Ground Weapons Level 1  
  95  8:03  Stalker x3  
  104  8:09  Zealot  
  106  8:14  Probe  
  106  8:15  Probe  
  106  8:42  Zealot x8  
  106  8:45  Templar Archives  
  122  8:55  Probe  
  122  8:56  Probe x2  
  122  9:01  Psionic Storm  
  122  9:02  Assimilator  
  125  9:03  Robotics Facility  
  125  9:17  Pylon x2  
  125  9:18  Pylon  
  125  9:19  Pylon  
  125  9:21  Pylon  
  125  9:29  Pylon  
  125  9:35  Probe x3  
  125  9:38  High Templar x4  
  134  9:40  High Templar x2, Zealot x2  
  134  9:44  Archon  
  144  9:47  Protoss Ground Weapons Level 2, Protoss Ground Armor Level 2, Warp Prism  
  144  9:50  Photon Cannon  
  142  9:52  Photon Cannon  
  144  10:19  Observer  
  144  10:20  High Templar x2  
  148  10:21  Zealot x3  
  148  10:22  Zealot x3  
  157  10:37  Robotics Facility  
  157  10:40  Robotics Bay  
  157  10:42  Immortal  
  157  10:47  Pylon  
  159  11:04  Stalker x3  
  159  11:05  Stalker x3  
  170  11:15  Probe x3  
  170  11:17  Nexus  
  167  11:20  Disruptor x2  
  173  11:33  Pylon x2  
  173  11:37  Pylon  
  173  11:44  Extended Thermal Lance  
  173  11:48  Pylon  
  173  11:51  Probe x3  
  174  12:05  Colossus x2  
  166  12:31  Stalker x6  
  166  12:32  Stalker x2  
  161  12:51  Probe x4  
  161  12:53  Assimilator  
  161  12:55  Assimilator  
  164  13:04  Probe x3  
  165  13:08  Probe  
  166  13:16  Probe  
  166  13:19  Stalker x8  
  149  13:46  Zealot x4  
  149  13:47  Zealot x4  
Show
View Real Time Build Order
Export as new Build Order

lIIllllIIlll Terran - Winner!

Build Orders: Gas First Reaper Expand, Reaper Expand, MMM Bio 

Get SALT Encoding   

  12  0:00  SCV  
  13  0:12  SCV  
  14  0:17  Supply Depot  
  14  0:25  SCV  
  14  0:27  Refinery  
  15  0:38  SCV  
  16  0:44  Barracks  
  16  0:50  SCV  
  17  1:02  SCV  
  18  1:14  SCV  
  19  1:31  Orbital Command, Reaper  
  20  1:47  Command Center  
  20  1:55  Factory  
  20  1:59  SCV  
  21  2:05  Barracks Reactor  
  21  2:10  Refinery  
  21  2:11  SCV  
  22  2:16  Supply Depot  
  22  2:23  SCV  
  23  2:38  SCV  
  23  2:40  Widow Mine  
  26  2:47  Starport  
  26  2:48  Marine x2  
  26  2:50  SCV  
  28  3:02  SCV  
  28  3:03  Orbital Command  
  28  3:04  Widow Mine  
  31  3:07  Marine x2  
  33  3:14  SCV  
  34  3:25  Marine  
  34  3:26  Marine, SCV  
  39  3:29  Widow Mine  
  39  3:30  Medivac  
  39  3:31  SCV  
  42  3:38  Supply Depot  
  42  3:42  SCV  
  42  3:43  SCV  
  42  3:44  Marine x2  
  46  3:53  Barracks  
  46  4:00  SCV x2  
  46  4:02  Bunker  
  47  4:04  Marine  
  47  4:05  Marine  
  48  4:12  SCV x2  
  49  4:17  Engineering Bay, Barracks  
  49  4:24  SCV x2  
  49  4:26  Supply Depot, Factory Tech Lab  
  49  4:27  Marine  
  49  4:29  Marine  
  53  4:33  Starport Tech Lab  
  53  4:36  SCV  
  54  4:44  Terran Infantry Weapons Level 1  
  54  4:47  Refinery, SCV  
  54  4:48  Supply Depot  
  54  4:50  Stimpack  
  55  4:53  SCV  
  55  4:58  Starport Reactor  
  55  4:59  SCV  
  57  5:01  Marauder, Marine  
  57  5:03  Marine  
  62  5:07  SCV  
  62  5:11  SCV  
  60  5:19  Marine  
  60  5:20  SCV  
  60  5:21  Marine  
  57  5:22  Marauder  
  57  5:24  SCV  
  57  5:26  Combat Shields, Marauder  
  57  5:37  SCV x2  
  57  5:43  Marine x2  
  57  5:44  Marauder  
  57  5:48  Marauder  
  57  5:49  SCV x2  
  65  5:51  Supply Depot  
  65  5:53  Factory Reactor, Medivac  
  65  5:56  Medivac  
  69  6:03  Marine x2  
  69  6:05  SCV  
  69  6:06  Supply Depot  
  69  6:07  Supply Depot  
  70  6:13  SCV  
  70  6:14  Marauder x2  
  74  6:21  Marine x2  
  74  6:23  Supply Depot  
  77  6:29  Medivac x2  
  81  6:36  Widow Mine x2  
  81  6:37  Marauder x2  
  81  6:39  Marine x2  
  89  6:41  Terran Infantry Armor Level 1  
  89  6:45  Concussive Shells  
  87  6:47  Supply Depot  
  87  6:50  Command Center  
  87  6:55  Refinery  
  87  6:58  Widow Mine x2, SCV  
  87  6:59  SCV  
  93  7:05  Marauder  
  93  7:06  Marauder  
  93  7:07  Marine x2  
  99  7:10  SCV  
  99  7:11  SCV  
  101  7:17  Supply Depot  
  101  7:25  Marine x2  
  101  7:27  Widow Mine x2, Marauder  
  109  7:30  Marauder  
  109  7:33  SCV x2  
  105  7:41  Barracks  
  105  7:42  Barracks  
  97  7:45  Marine x2  
  97  7:48  Marauder  
  97  7:51  SCV x2  
  103  7:52  Marauder  
  103  7:55  Medivac x2  
  103  7:56  Widow Mine x2  
  100  8:04  Orbital Command, SCV x2  
  100  8:05  Marine x2  
  103  8:10  Marauder  
  106  8:17  Armory, SCV  
  106  8:18  SCV  
  106  8:19  Engineering Bay  
  108  8:23  Widow Mine x2  
  112  8:28  Medivac, Barracks Tech Lab  
  112  8:30  Barracks Reactor  
  112  8:33  SCV x2  
  114  8:34  SCV  
  114  8:39  Medivac  
  117  8:42  Marauder  
  117  8:43  Supply Depot, Marauder  
  117  8:48  Marine x2  
  121  8:49  SCV x2  
  121  8:50  SCV  
  121  8:53  Widow Mine x2  
  130  9:01  Supply Depot  
  130  9:02  Supply Depot  
  130  9:05  Terran Infantry Armor Level 2, Terran Infantry Weapons Level 2  
  130  9:08  Ghost Academy  
  130  9:09  Marauder x2  
  134  9:13  Marauder  
  134  9:17  Marine x4  
  136  9:21  Supply Depot  
  136  9:23  Widow Mine x2  
  144  9:25  Supply Depot  
  144  9:29  Missile Turret  
  144  9:30  SCV x2  
  146  9:31  Refinery x2, SCV  
  150  9:40  Ghost  
  150  9:41  Ghost  
  150  9:48  Marine x4  
  150  9:51  Ghost  
  154  10:03  Widow Mine  
  154  10:05  Command Center, Marine  
  154  10:06  Widow Mine, Marine x3  
  160  10:17  Ghost x2  
  160  10:18  Bunker  
  160  10:20  Ghost  
  166  10:23  Marine x2  
  166  10:24  Marine x2  
  166  10:27  Widow Mine x2  
  171  10:30  Supply Depot  
  171  10:36  Supply Depot, SCV x2  
  171  10:39  SCV  
  173  10:52  Widow Mine x2  
  173  10:56  Marauder x2, Marine x3  
  181  10:58  Viking x2, Marauder  
  181  11:16  Marine  
  181  11:17  Marine x3, Marauder x2  
  185  11:20  Marauder  
  185  11:24  Terran Infantry Weapons Level 3  
  187  11:28  Viking x2  
  190  11:41  Starport  
  190  11:44  Terran Ship Weapons Level 1  
  190  11:46  Marauder x2  
  190  11:47  Marauder, Marine x2  
  196  11:55  Planetary Fortress  
  191  12:05  Refinery x2  
  189  12:13  Ghost x2  
  189  12:15  Marine x4  
  186  12:28  Medivac  
  186  12:29  Medivac  
  188  12:41  Barracks  
  188  12:43  Ghost x3, Barracks  
  191  12:45  Engineering Bay  
  191  12:47  Liberator x2, Marine x4, Barracks  
  191  12:56  SCV  
  190  13:05  Marine x3  
  194  13:06  SCV x2  
  194  13:09  SCV  
  198  13:12  Marauder  
  198  13:13  Marauder x2  
  198  13:16  SCV  
  198  13:18  SCV  
  197  13:22  Marine  
  197  13:23  Marine  
  197  13:25  SCV  
  200  13:31  Viking  
  200  13:34  Viking  
  190  13:48  Barracks Tech Lab x2  
  180  13:52  SCV  
Tags
 
Add a new tag
Caveats
  • Supply blocks, unpowered buildings, or Contaminate may cause inaccurate times.
  • Supply counts are checked every 10 seconds.